 Dungeon Crawl Stone Soup version 0.24.0-29-g8ce449bc06 (webtiles) character file.

Game seed: 12789151813671366946, levelgen mode: deterministic

16235 PentaManta the Spry (level 12, 0/51 HPs)
             Began as a Spriggan Enchanter on Nov 14, 2019.
             Was a Believer of Uskayaw.
             Hit by a large rock thrown by a cyclops (36 damage)
             ... on level 12 of the Dungeon.
             The game lasted 00:47:53 (15802 turns).

PentaManta the Spry (Spriggan Enchanter)           Turns: 15802, Time: 00:47:54

Health: 0/51       AC:  5    Str:  4    XL:     12   Next: 8%
Magic:  12/19      EV: 34    Int: 17    God:    Uskayaw [**....]
Gold:   821        SH: 12    Dex: 26    Spells: 1/19 levels left

rFire    . . .     SeeInvis +   x - +6 short sword of Patience {elec, rPois rF- MR++}
rCold    . . .     Gourm    .   w - +3 buckler
rNeg     + + .     Faith    .   Q - +0 troll leather armour
rPois    +         Spirit   .   (helmet restricted)
rElec    .         Reflect  .   s - +0 cloak
rCorr    .         Harm     .   (gloves unavailable)
MR       ++++.                  (boots unavailable)
Stlth    ++++++....             i - amulet of rage
HPRegen  0.57/turn              a - ring "Jitryat" {rF+ rN++ Dex+5}
MPRegen  0.16/turn              F - ring of wizardry

@: very quick
A: very small, unfitting armour, see invisible, herbivore, speed 3, slow
metabolism 2
a: Stomp, Line Pass, Renounce Religion, Evoke Berserk Rage


You were on level 12 of the Dungeon.
You worshipped Uskayaw.
Uskayaw was noncommittal.
You were very hungry.

You visited 2 branches of the dungeon, and saw 13 of its levels.
You also visited: Sewer.

You collected 821 gold pieces.

Inventory:

Hand Weapons
 x - the +6 short sword of Patience (weapon) {elec, rPois rF- MR++}
   (You found it on level 5 of the Dungeon)

   Occasionally, upon striking a foe, it will discharge some electrical energy
   and cause terrible harm.
   It makes you vulnerable to fire.
   It protects you from poison.
   It affects your resistance to hostile enchantments.
 K - a +1 dagger of venom
Missiles
 A - 44 poisoned darts (quivered)
 H - 2 throwing nets
Armour
 c - a scarf of cloud immunity
 s - a +0 cloak (worn)
 w - a +3 buckler (worn)
 D - a scarf of resistance
 Q - a +0 troll leather armour (worn)
Jewellery
 a - the ring "Jitryat" (left hand) {rF+ rN++ Dex+5}
   (You found it on level 5 of the Dungeon)

   [ring of dexterity]

   It affects your dexterity (+5).
   It protects you from fire.
   It greatly protects you from negative energy.
 i - an amulet of rage (around neck)
 F - a ring of wizardry (right hand)
Wands
 b - a wand of polymorph (7)
 q - a wand of flame (13)
 t - a wand of iceblast (13)
 z - a wand of random effects (35)
 G - a wand of acid (10)
Scrolls
 h - 7 scrolls of teleportation
 j - 8 scrolls of remove curse
 k - 2 scrolls of enchant armour
 m - 2 scrolls of amnesia
 p - 2 scrolls of blinking
 y - a scroll of magic mapping
 I - a scroll of fog {unknown}
 L - a scroll of enchant weapon
 N - a scroll of identify
 O - a scroll of random uselessness {unknown}
Potions
 e - a potion of ambrosia
 f - 5 potions of berserk rage
 g - 2 potions of agility
 l - 2 potions of flight
 n - 4 potions of brilliance
 o - 4 potions of curing
 r - a potion of heal wounds
 u - 3 potions of invisibility {unknown}
 v - 6 potions of might {unknown}
 C - 2 potions of magic {unknown}
 J - a potion of cancellation {unknown}
 M - a potion of lignification {unknown}
Miscellaneous
 E - a lightning rod (4/4)
 P - a box of beasts
Comestibles
 d - 19 rations


   Skills:
 + Level 10.0 Short Blades
 * Level 16.8 Dodging
 + Level 14.0 Stealth
 + Level 5.6 Shields
 - Level 4.1 Spellcasting
 - Level 5.1 Hexes


You had one spell level left.
You knew the following spells:

 Your Spells              Type           Power        Failure   Level  Hunger
a - Confusing Touch       Hex            ###...       1%          1    None
b - Confuse               Hex            ###.....     4%          3    ###....
c - Ensorcelled Hibernat  Hex/Ice        ##....       6%          2    ##.....
d - Dazzling Spray        Conj/Hex       ##....       13%         3    ###....
e - Tukima's Dance        Hex            ###.....     4%          3    ###....
f - Passwall              Tmut/Erth      #.......     19%         2    ##.....
g - Petrify               Tmut/Erth      #.......     73%         4    ####...

Your spell library contained the following spells:

 Spells                   Type           Power        Failure   Level  Hunger
 Corona                   Hex            ###....      1%          1    None
 Beastly Appendage        Tmut           #.....       12%         1    None
 Magic Dart               Conj           #...         12%         1    None
 Sandblast                Erth           #.....       12%         1    None
 Searing Ray              Conj           #.....       19%         2    ##.....
 Sticks to Snakes         Tmut           #.......     19%         2    ##.....
 Throw Frost              Conj/Ice       #.....       19%         2    ##.....
 Gell's Gravitas          Tloc           #.........   34%         3    ###....
 Spider Form              Tmut/Pois      #.........   34%         3    ###....
 Stone Arrow              Conj/Erth      #.....       34%         3    ###....
 Teleport Other           Tloc           #.......     34%         3    ###....
 Fulminant Prism          Conj/Hex       ##........   38%         4    ####...
 Metabolic Englaciation   Hex/Ice        ##........   71%         5    ######.
 Yara's Violent Unravell  Hex/Tmut       ##........   71%         5    ######.
 Force Lance              Conj/Tloc      #.......     73%         4    ####...
 Ice Form                 Ice/Tmut       #.......     73%         4    ####...
 Iskenderun's Mystic Bla  Conj           #.......     73%         4    ####...
 Blade Hands              Tmut           #.........   96%         5    ######.
 Lee's Rapid Deconstruct  Erth           #.........   96%         5    ######.
 Freezing Cloud           Conj/Ice/Air   #.........   100%        6    #######


Dungeon Overview and Level Annotations

Branches:
Dungeon (12/15)            Temple (1/1) D:6            Lair (0/6) D:11
    Orc (0/2) D:9           Sewer (visited)

Altars:
Ashenzari
Cheibriados
Dithmenos
Elyvilon
Fedhas
Gozag
Hepliaklqana
Kikubaaqudgha
Makhleb
Nemelex Xobeh
Okawaru
Qazlal
Ru
Sif Muna
Trog
Uskayaw
Vehumet
Wu Jian
Xom
Yredelemnul
Zin
The Shining One

Shops:
D:7 [

Annotations:
D:9 exclusion: 2 doors


Innate Abilities, Weirdness & Mutations

You are very small and have problems with some larger weapons.
You are too small for most types of armour.
You have supernaturally acute eyesight. (SInv)
You are a herbivore.
You cover ground extremely quickly.
You need to consume almost no food.


Message History

No target in view!
You climb downwards.
The cyclops throws a large rock.
The large rock hits you!
There is a stone staircase leading up, spattered with blood here.
You see here 2 large rocks.
Casting: Ensorcelled Hibernation (safe; 6% risk of failure)
Confirm with . or Enter, or press ? or * to list all spells.
Aiming: Ensorcelled Hibernation (safe; 6% risk of failure)
Press: ? - help, Shift-Dir - straight line, f - cyclops
Aim: a cyclops (chance to defeat MR: 26%)
The cyclops resists with almost no effort.
The cyclops throws a large rock.
The large rock closely misses you.
Casting: Ensorcelled Hibernation (safe; 6% risk of failure)
Confirm with . or Enter, or press ? or * to list all spells.
Aiming: Ensorcelled Hibernation (safe; 6% risk of failure)
Press: ? - help, Shift-Dir - straight line, f/p - cyclops
Aim: a cyclops (chance to defeat MR: 26%)
The cyclops resists with almost no effort.
The cyclops throws a large rock.
The large rock hits you!!!
Ouch! That really hurt!
You die...

.###....)...#
..#....C....##.
..............
#..........#
##.........# .
#..........#.)
#...........
...#...@.......
.......((......
...##..†......$
[ ###........
.........
.........
..#....... .#
....... ..
.......


You could see a cyclops.

Vanquished Creatures
  Harold (D:7)
  2 two-headed ogres
  Urug (D:11)
  An ugly thing (D:11)
  A deep elf mage (D:11)
  A cyclops (D:12)
  Joseph (D:7)
  2 komodo dragons
  A queen bee (D:9)
  A troll (D:11)
  Grinder (D:5)
  2 dream sheep (D:9)
  A hippogriff (D:7)
  2 shadows (D:11)
  A wyvern (D:11)
  Sigmund (D:2)
  A wraith (D:10)
  9 yaks
  A basilisk (D:11)
  2 steam dragons
  A hungry ghost (D:6)
  Edmund (D:5)
  Duvessa (D:6)
  7 orc warriors
  A swamp drake (D:9)
  A hornet zombie (D:11)
  A sky beast (D:9)
  5 ice beasts
  2 black bears (D:11)
  3 phantoms
  5 ogres
  3 centaurs
  2 big kobolds (D:9)
  4 crocodiles
  7 bullfrogs
  A gnoll sergeant (D:10)
  A scorpion (D:6)
  Dowan (D:6)
  7 wights
  41 killer bees
  6 howler monkeys
  3 crimson imps
  6 hounds
  A centaur skeleton (D:9)
  7 jellies
  8 orc priests
  Crazy Yiuf (D:4)
  Terence (D:3)
  3 iguanas
  11 orc wizards
  10 worker ants
  2 killer bee zombies
  2 hound zombies
  A hound skeleton (D:7)
  2 worker ant zombies
  12 gnolls
  A river rat (D:5)
  10 adders
  A howler monkey skeleton (D:5)
  4 shadow imps
  5 oozes (Sewer)
  An adder skeleton (D:7)
  5 worms
  A dart slug (D:1)
  9 leopard geckos
  34 orcs
  13 bats
  9 giant cockroaches
  11 goblins
  5 hobgoblins
  15 jackals
  7 quokkas
  2 ball pythons
  4 frilled lizards
  2 jackal skeletons
  3 kobolds
  7 rats
  2 butterflies (D:5)
355 creatures vanquished.

Vanquished Creatures (others)
  2 orcs
2 creatures vanquished.

Grand Total: 357 creatures vanquished

Notes
Turn   | Place    | Note
-------+----------+-------------------------------------------
     0 | D:1      | PentaManta the Spriggan Enchanter began the quest for the
                  | Orb.
     0 | D:1      | Reached XP level 1. HP: 9/9 MP: 5/5
   237 | D:1      | Found an iron altar of Okawaru.
   348 | D:1      | Reached XP level 2. HP: 13/13 MP: 6/6
   844 | D:2      | Reached XP level 3. HP: 8/16 MP: 8/8
   855 | D:2      | Learned a level 3 spell: Confuse
   858 | D:2      | Learned a level 2 spell: Ensorcelled Hibernation
  1666 | D:2      | Noticed Sigmund
  2106 | D:2      | Killed Sigmund
  2106 | D:2      | Reached skill level 4 in Dodging
  2106 | D:2      | Reached skill level 5 in Stealth
  2106 | D:2      | Reached skill level 5 in Hexes
  2106 | D:2      | Reached XP level 4. HP: 13/21 MP: 3/11
  2106 | D:2      | Reached XP level 5. HP: 15/24 MP: 3/12
  2402 | D:2      | Learned a level 3 spell: Dazzling Spray
  2406 | D:2      | Learned a level 3 spell: Tukima's Dance
  2460 | D:2      | Found an opulent altar of Gozag.
  3016 | D:3      | Noticed Terence
  3029 | D:3      | Killed Terence
  3228 | D:3      | Reached XP level 6. HP: 17/28 MP: 13/13
  3753 | D:3      | Reached skill level 5 in Dodging
  4129 | D:4      | Reached skill level 6 in Dodging
  4559 | D:4      | Found a shadowy altar of Dithmenos.
  4631 | D:4      | Found a runed translucent door.
  4632 | D:4      | Noticed Crazy Yiuf
  4820 | D:4      | Killed Crazy Yiuf
  4851 | D:5      | Entered Level 5 of the Dungeon
  4874 | D:5      | Noticed Edmund
  5225 | D:5      | Killed Edmund
  5225 | D:5      | Reached skill level 7 in Dodging
  5225 | D:5      | Reached XP level 7. HP: 22/32 MP: 3/14
  5379 | D:5      | Noticed Grinder
  5621 | D:5      | Found a glowing drain.
  5630 | Sewer    | Entered a sewer
  6516 | D:5      | Reached skill level 8 in Dodging
  6571 | D:5      | Got a crude short sword
  6572 | D:5      | Identified the +6 short sword of Patience {elec, rPois rF-
                  | MR++} (You found it on level 5 of the Dungeon)
  6672 | D:5      | Reached XP level 8. HP: 35/36 MP: 15/15
  6719 | D:5      | Killed Grinder
  6719 | D:5      | Reached skill level 5 in Short Blades
  6719 | D:5      | Reached skill level 9 in Dodging
  6818 | D:5      | Got a clouded bronze ring
  6873 | D:5      | Found a shimmering altar of Xom.
  7065 | D:6      | Noticed Duvessa
  7065 | D:6      | Noticed Dowan
  7300 | D:6      | Found a staircase to the Ecumenical Temple.
  7311 | Temple   | Entered the Ecumenical Temple
  7494 | D:6      | Reached skill level 10 in Dodging
  7835 | D:6      | Killed Duvessa
  7848 | D:6      | Killed Dowan
  8023 | D:6      | Reached skill level 1 in Shields
  8217 | D:6      | Reached XP level 9. HP: 39/39 MP: 16/16
  8225 | D:6      | Reached skill level 11 in Dodging
  8301 | D:6      | Identified the ring "Jitryat" {rF+ rN++ Dex+5} (You found
                  | it on level 5 of the Dungeon)
  8540 | D:7      | Found Mapra's Antique Armour Boutique.
  8540 | D:7      | Noticed Joseph
  8549 | D:7      | Killed Joseph
  8560 | D:7      | Reached skill level 10 in Stealth
  8953 | D:7      | Noticed Harold
  8956 | D:7      | Killed Harold
  8956 | D:7      | Reached skill level 12 in Dodging
  9356 | D:8      | Reached XP level 10. HP: 30/44 MP: 17/17
  9363 | D:8      | Reached skill level 13 in Dodging
 11400 | D:9      | Noticed a two-headed ogre
 11668 | D:9      | Found a hide-covered altar of Uskayaw.
 11668 | D:9      | Found a faded altar of an unknown god.
 11672 | D:9      | Killed a two-headed ogre
 11672 | D:9      | Reached skill level 14 in Dodging
 11679 | D:9      | Found a sacrificial altar of Ru.
 11682 | D:9      | Became a worshipper of Uskayaw the Reveler
 11685 | D:9      | Found a white marble altar of Elyvilon.
 11688 | D:9      | Found an ancient bone altar of Kikubaaqudgha.
 11812 | D:9      | Reached * piety under Uskayaw
 11817 | D:9      | Reached ** piety under Uskayaw
 11818 | D:9      | Reached *** piety under Uskayaw
 11820 | D:9      | Reached **** piety under Uskayaw
 11967 | D:9      | Reached ***** piety under Uskayaw
 11996 | D:9      | Found a staircase to the Orcish Mines.
 12007 | D:9      | Reached ****** piety under Uskayaw
 12010 | D:9      | Reached XP level 11. HP: 18/47 MP: 18/18
 12515 | D:9      | Reached skill level 15 in Dodging
 13468 | D:9      | Found a bloodstained altar of Trog.
 13554 | D:10     | Entered Level 10 of the Dungeon
 13554 | D:10     | Noticed a two-headed ogre
 13557 | D:10     | Killed a two-headed ogre
 13860 | D:10     | Learned a level 1 spell: Confusing Touch
 13876 | D:10     | Learned a level 2 spell: Passwall
 13881 | D:10     | Learned a level 4 spell: Petrify
 14048 | D:10     | Identified a scroll of acquirement
 14049 | D:10     | Found the +3 robe of Folly {Archmagi, MR-- Int+5}
 14284 | D:11     | Reached skill level 5 in Shields
 14476 | D:11     | Reached skill level 16 in Dodging
 14698 | D:11     | Identified the Volume of the Spatial Glacier
 14706 | D:11     | Noticed a deep elf mage
 15042 | D:11     | Killed a deep elf mage
 15140 | D:11     | Noticed Urug
 15146 | D:11     | Killed Urug
 15238 | D:11     | Noticed a purple ugly thing
 15242 | D:11     | Killed a purple ugly thing
 15410 | D:11     | Reached XP level 12. HP: 39/51 MP: 17/19
 15501 | D:11     | Found a staircase to the Lair.
 15590 | D:11     | Found a white marble altar of Elyvilon.
 15789 | D:12     | Reached skill level 10 in Short Blades
 15802 | D:12     | Hit by a large rock thrown by a cyclops

Levels and vault maps discovered:
D:1:      nzn_arrival_crosshair, layout_basic, okawaru_ov_weapons_minmay
D:2:      layout_loops_ring, first_ration, grunt_gozag_statues, uniq_sigmund
D:3:      layout_rooms, serial_park_tiny_1, uniq_terence
D:4:      cheibrodos_pilgrimage, layout_gridville,
          nicolae_dithmenos_through_a_glass_darkly, fountainhead,
          uniq_crazy_yiuf_cottage
D:5:      layout_loops_ring, xom_butterflies, cheibrodos_sewer_entry_sluice,
          uniq_edmund, uniq_grinder
D:6:      layout_basic, minmay_temple_entry_stoned_glass, uniq_duvessa
D:7:      layout_gridville, serial_shops,
          nicolae_shop_temple_entry_statues_fountains, uniq_harold, uniq_joseph
D:8:      layout_layer_cave
D:9:      layout_basic, chequers_temple_overflow_minitemple, erik_orc_1,
          special_room [special_room_bee], hangedman_ranch
          [blue_anna_fruit_fields], trog_butcher_becter
D:10:     layout_gridville
D:11:     layout_small_grid, erik_lair_dragon, elyvilon_altar_5, uniq_urug
D:12:     layout_cave_pools, lemuel_flamethrower_3
Temple:   eino_temple_rhombus

Skill      XL: |  1  2  3  4  5  6  7  8  9 10 11 12 |
---------------+-------------------------------------+-----
Spellcasting   | 3 4 |  4.1
Hexes          | 4 5 |  5.1
Short Blades   | 2 3 4 6 7 8 9 10 | 10.0
Dodging        | 4 7 8 10 12 14 16 | 16.8
Stealth        | 5 7 8 9 11 12 13 14 | 14.0
Shields        | 1 3 4 5 |  5.6

Action                   |  1- 3 |  4- 6 |  7- 9 | 10-12 || total
-------------------------+-------+-------+-------+-------++-------
Melee: Dagger            |   209 |   174 |   263 |   205 ||   851
       Short sword       |       |       |   191 |   477 ||   668
Throw: Dart              |       |       |     3 |       ||     3
 Cast: Corona            |     6 |       |       |       ||     6
       Confuse           |     8 |     6 |    19 |     2 ||    35
       Ensorcelled Hiber |     2 |    31 |    12 |    10 ||    55
       Dazzling Spray    |       |     1 |       |       ||     1
       Confusing Touch   |       |       |       |     6 ||     6
Invok: Line Pass         |       |       |       |     1 ||     1
 Abil: Evoke Berserk Rag |       |       |     1 |       ||     1
  Use: Scroll            |     2 |     2 |     5 |    10 ||    19
       Potion            |       |       |     1 |     1 ||     2
 Stab: Sleeping          |     8 |    22 |    29 |    35 ||    94
       Confused          |     4 |     6 |     4 |     5 ||    19
       Distracted        |       |     1 |       |     3 ||     4
       Paralysed         |       |       |       |    17 ||    17
  Eat: Ration            |       |     2 |     6 |     4 ||    12
Armor: Robe              |    28 |    16 |    26 |    15 ||    85
Dodge: Dodged            |   160 |   159 |   331 |   403 ||  1053
Block: Buckler           |       |       |    56 |   258 ||   314
